Cogmind - Beta 14 @@@ ROGUE MODE // 2024.09.07 @ 13:10:58 Player: Plexion Result: Destroyed self with Subdweller Shrapnel Launcher Performance ------------- Evolutions (0) 0 Regions Visited (3) 600 Robots Destroyed (35) 175 Value Destroyed (921) 921 Prototype IDs (11) 220 Alien Tech Used (0) 0 Bonus (6) 6 TOTAL SCORE: 1922 Bonus ------- Follower Combat Kills 90 Friendly Fire -84 Cogmind --------- Core Integrity 0/250 Matter 41/300 Energy 200/200 System Corruption 0% Temperature Cool (0) Movement Rolling (210) Ox10 Location -10/Subcaves Parts ------- > --- POWER (1) -------- Subdweller Power Source > --- PROPULSION (2) --- Subdweller Monowheel > --- UTILITY (2) ------ Humpback > --- WEAPON (2) ------- Subdweller Shrapnel Launcher > --- INVENTORY (35) --- Improved Treads Improved Treads Improved Treads Improved Treads High-capacity Storage Unit Subdweller Optics Experimental Sensor Array Improved Terrain Scanner Seismic Detector Core Shielding Gun Armor Subdweller Beam Cannon Assault Rifle Heavy Assault Rifle Grenade Launcher Grenade Launcher Grenade Launcher Grenade Launcher Makeshift Spear SUBCON Basin (Full) Peak State ------------ > --- POWER ------------ Subdweller Power Source > --- PROPULSION ------- Wheel Subdweller Monowheel > --- UTILITY ---------- Humpback > --- WEAPON ----------- Heavy Assault Rifle Makeshift Spear > --- INVENTORY -------- Improved Treads Improved Treads Improved Treads Improved Treads High-capacity Storage Unit Subdweller Optics Experimental Sensor Array Improved Terrain Scanner Seismic Detector Core Shielding Gun Armor Subdweller Beam Cannon Assault Rifle Heavy Assault Rifle Subdweller Machine Gun Grenade Launcher Grenade Launcher Grenade Launcher Grenade Launcher Subdweller Shrapnel Launcher SUBCON Basin [Rating: 35] Favorites ----------- Power Light Ion Engine Engine Light Ion Engine Propulsion Light Treads Treads Light Treads Wheel Wheel Utility High-capacity Storage Unit Device Seismic Detector Storage High-capacity Storage Unit Protection Core Shielding Weapon Heavy Assault Rifle Energy Gun Medium Laser Ballistic Gun Heavy Assault Rifle Launcher Subdweller Shrapnel Launcher Piercing Weapon Makeshift Spear Build | -11 -10 -10 -10 ------- Run | Yrd Mat Min Sub Slots Evolved . | . . . . Power . | . . . . Propulsion . | . . . . Utility . | . . . . Weapon . | . . . . Parts Attached 62 | 7 15 . 40 Power 3 | 1 1 . 1 Engine 3 | 1 1 . 1 Core . | . . . . Reactor . | . . . . Propulsion 12 | 2 2 . 8 Treads 8 | 2 2 . 4 Leg . | . . . . Wheel 4 | . . . 4 Hover . | . . . . Flight . | . . . . Utility 18 | 2 7 . 9 Device 9 | 1 4 . 4 Storage 3 | 1 1 . 1 Processor . | . . . . Hackware . | . . . . Protection 6 | . 2 . 4 Artifact . | . . . . Weapon 29 | 2 5 . 22 Energy Gun 3 | 1 1 . 1 Energy Cannon . | . . . . Ballistic Gun 17 | 1 4 . 12 Ballistic Cannon . | . . . . Launcher 5 | . . . 5 Special Weapon . | . . . . Impact Weapon . | . . . . Slashing Weapon . | . . . . Piercing Weapon 4 | . . . 4 Special Melee Weapon . | . . . . Unidentified Prototypes . | . . . . Parts Lost 12 | . 2 . 10 Power 2 | . 1 . 1 Propulsion 5 | . . . 5 Utility . | . . . . Weapon 5 | . 1 . 4 Highest Loss Streak 3 | . 1 . 3 To Critical Strikes . | . . . . Average Slot Usage (%) 96 | . 99 100 94 Engine 13 | . 13 14 13 Treads 23 | . 27 28 20 Wheel 4 | . . . 7 Device 8 | . 10 14 6 Storage 14 | . 14 14 14 Protection 2 | . 3 . 2 Ballistic Gun 26 | . 25 28 25 Piercing Weapon 1 | . . . 2 Peak Build Rating 35 | 7 11 13 35 Average Rating 16 | 5 9 12 21 On Entrance 7 | . 7 11 13 Naked Turns . | . . . . Heaviest Build 211 | 13 50 50 211 Greatest Support 46 | 40 40 40 46 Greatest Overweight (x) 21 | . 1 1 21 Average Overweight (x) 2 | . . 1 3 Largest Inventory Capacity 35 | 8 20 20 35 Average Capacity 21 | 7 13 20 25 Most Carried 35 | 4 18 20 35 Average Carried 20 | 2 11 19 24 Final Capacity 35 | 8 20 20 35 Final Carried 34 | 4 18 20 34 Class Distribution -------------------- 79% | Mutant 20% | Hauler-Mutant Dominant Class ---------------- Mutant | -10/Materials Mutant | -10/Mines Mutant | -10/Subcaves Resources | -11 -10 -10 -10 ----------- Run | Yrd Mat Min Sub Matter Collected 1281 | 204 460 9 608 Remotely . | . . . . Salvage Created 1201 | 52 539 66 544 Parts 77 | 9 33 3 32 Haulers Intercepted 2 | . 2 . . Recyclers Shooed 2 | . 2 . . Parts Field Recycled . | . . . . Retrieved Matter . | . . . . Parts Self-Destructed 2 | . . . 2 Prevented . | . . . . Kills | -11 -10 -10 -10 ------- Run | Yrd Mat Min Sub Combat Hostiles Destroyed 24 | . 8 . 16 Guns 16 | . 8 . 8 AOE 8 | . . . 8 Classes Destroyed 12 | 1 7 . 4 Worker 2 | . 2 . . Tunneler 2 | 2 . . . Hauler 2 | . 2 . . Recycler 2 | . 1 1 . Operator 1 | . 1 . . Watcher 2 | . 2 . . Swarmer 4 | . 3 . 1 Grunt 5 | . 5 . . Sentry 1 | . . . 1 Artisan 1 | . . . 1 Cobbler 1 | . . . 1 Subdweller 14 | . . . 14 Best Kill Streak 3 | 1 3 1 3 Combat Bots Only 3 | . 3 . 3 Max Kills in Single Turn 3 | 1 1 1 3 Gunslinging 1 | . . . 1 Exploded 2 | . . . 2 Melee . | . . . . Uniques/NPCs Destroyed . | . . . . Combat | -11 -10 -10 -10 -------- Run | Yrd Mat Min Sub Hostile Shots Fired 130 | . 46 2 82 Missed 40 | . 17 . 23 Damage Taken 2157 | . 429 23 1705 Core 285 | . 39 . 246 Absorbed by Shields . | . . . . Redirected to Shielding 14 | . 5 . 9 Regen/Repaired (Parts) 115 | . 115 . . Core Remaining (%) 100 | 100 . . . Volleys Fired 109 | 4 47 1 57 Largest 2 | 2 2 2 2 Hottest 90 | 70 90 46 68 Shots Fired 202 | 8 94 2 98 Gun 187 | 8 94 2 83 Cannon . | . . . . Launcher 15 | . . . 15 Special . | . . . . Kinetic 184 | 4 83 2 95 Thermal 15 | 4 11 . . Explosive . | . . . . Electromagnetic 3 | . . . 3 Robot Hit Streak 17 | 2 9 2 17 Robot Miss Streak 2 | 2 2 . 2 Penetration Max . | . . . . Secondary Targets 3 | . 2 . 1 Max Gunslinging Chain 1 | . 1 . 1 Shots Hit Robots 127 | 3 59 1 64 Core Hits 56 | 2 27 1 26 Critical Kills . | . . . . Critical Parts Destroyed . | . . . . Critical Strikes 2 | 1 1 . . Burn 2 | 1 1 . . Melee Attacks 12 | . . . 12 Impact . | . . . . Slashing . | . . . . Piercing 12 | . . . 12 Sneak Attacks 1 | . . . 1 Combat Hostiles . | . . . . Follow-up Attacks . | . . . . Damage Inflicted 2932 | 49 753 45 2085 Guns 1649 | 48 753 18 830 Cannons . | . . . . Explosions 1191 | . . . 1191 Melee 64 | . . . 64 Ramming 28 | 1 . 27 . Kinetic 2674 | 24 643 18 1989 Thermal 134 | 24 110 . . Explosive . | . . . . Electromagnetic 32 | . . . 32 Impact . | . . . . Slashing . | . . . . Piercing 64 | . . . 64 Highest Corruption . | . . . . Average Corruption . | . . . . Corruption Purged . | . . . . Corruption Blocked . | . . . . Overload Shots . | . . . . Overflow Damage . | . . . . Projectiles . | . . . . Explosions . | . . . . Melee . | . . . . Knockbacks . | . . . . Impact . | . . . . Kinetic . | . . . . Secondary . | . . . . Self-Inflicted Damage 184 | . . . 184 Shots 6 | . . . 6 Rammed 4 | 1 . 3 . Targets Rammed 4 | 1 . 3 . Kicked . | . . . . Crushed . | . . . . Highest Temperature 286 | 18 77 . 286 Average Temperature 51 | 10 30 . 147 Received Heat Transfer 672 | . 114 12 546 Effects 3 | . . . 3 Interference 3 | . . . 3 Siege Activations . | . . . . Robots Corrupted . | . . . . Combat Hostiles . | . . . . Parts Fried . | . . . . Impact Corruptions . | . . . . Robots Melted . | . . . . Combat Hostiles . | . . . . Parts Melted . | . . . . Heat Transferred 531 | 148 383 . . Parts Sabotaged . | . . . . Parts Stolen . | . . . . Parts Stripped . | . . . . Power Chain Reactions . | . . . . Alert | -11 -10 -10 -10 ------- Run | Yrd Mat Min Sub Peak Influence 167 | 10 167 61 . Initial 6 | . 6 . . Average 29 | 3 41 15 . Maximum Alert Level . | . . . . Low Security (%) 100 | 100 100 100 . Level 1 . | . . . . Level 2 . | . . . . Level 3 . | . . . . Level 4 . | . . . . Level 5 . | . . . . High Security . | . . . . Max Security . | . . . . Squads Dispatched . | . . . . Investigation . | . . . . Extermination . | . . . . Reinforcement . | . . . . Assault . | . . . . Garrison . | . . . . Intercept . | . . . . Searches Triggered . | . . . . Construction Impeded . | . . . . Haulers Reinforced . | . . . . Active Scanning Responses . | . . . . Cargo Convoy Interrupts . | . . . . Stealth | -11 -10 -10 -10 --------- Run | Yrd Mat Min Sub Distress Signals 1 | . 1 . . Communications Jammed . | . . . . Distress Signals . | . . . . Times Spotted 45 | . 21 2 22 Peak Tracking Total 5 | . 5 2 3 Tactical Retreats 3 | . 2 . 1 Traps | -11 -10 -10 -10 ------- Run | Yrd Mat Min Sub Traps Triggered . | . . . . Indirectly . | . . . . Trap Hack Attempts . | . . . . Triggered . | . . . . Disarmed . | . . . . Reprogrammed . | . . . . Reused . | . . . . Traps Extracted . | . . . . Installed . | . . . . Triggered . | . . . . Machines | -11 -10 -10 -10 ---------- Run | Yrd Mat Min Sub Machines Disabled 1 | . . . 1 Max in Single Turn 1 | . . . 1 Machines Repaired . | . . . . Machines Dismantled . | . . . . Machines Sabotaged . | . . . . Overloaded Fab Kills . | . . . . Hacking | -11 -10 -10 -10 --------- Run | Yrd Mat Min Sub Machines Accessed 10 | . 7 . 3 Terminals 6 | . 6 . . Fabricators . | . . . . Repair Stations 1 | . 1 . . Recycling Units . | . . . . Scanalyzers . | . . . . Garrison Access . | . . . . Total Hacks 22 | . 18 . 4 Successful 16 | . 12 . 4 Failed 6 | . 6 . . Catastrophic 3 | . 3 . . Database Lockouts . | . . . . Manual 12 | . 12 . . Terminals 13 | . 13 . . Fabricators . | . . . . Repair Stations 5 | . 5 . . Recycling Units . | . . . . Scanalyzers . | . . . . Garrison Access . | . . . . Terminal Hacks 6 | . 2 . 4 Record 1 | . . . 1 Robot Analysis 1 | . 1 . . Open Door 1 | . . . 1 Locate Traps 1 | . 1 . . Derelict Proto ID Bank 1 | . . . 1 Release Object 1 | . . . 1 Fabricator Hacks . | . . . . Repair Station Hacks 4 | . 4 . . Scan Component 2 | . 2 . . Repair 2 | . 2 . . Recycling Unit Hacks . | . . . . Scanalyzer . | . . . . Garrison Access Hacks . | . . . . Unauthorized Hacks 6 | . 6 . . Terminals 6 | . 6 . . Botnet 1 | . 1 . . Skim 5 | . 5 . . Fabricators . | . . . . Repair Stations . | . . . . Recycling Units . | . . . . Scanalyzers . | . . . . Garrison Access . | . . . . Data Cores Recovered . | . . . . Used . | . . . . Hacking Detections 6 | . 6 . . Full Trace Events . | . . . . Feedback Events . | . . . . Feedback Blocked . | . . . . Robot Schematics Acquired . | . . . . Robots Built . | . . . . Authchips . | . . . . Time . | . . . . Total Robot Build Rating . | . . . . Part Schematics Acquired . | . . . . Parts Built . | . . . . Authchips . | . . . . Time . | . . . . Total Part Build Rating . | . . . . Parts Repaired 2 | . 2 . . Time 52 | . 52 . . Parts Recycled . | . . . . Recycled Matter . | . . . . Retrieved Matter . | . . . . Retrieved Components . | . . . . Parts Scanalyzed . | . . . . Part Schematics Acquired . | . . . . Parts Damaged . | . . . . Bothacking | -11 -10 -10 -10 ------------ Run | Yrd Mat Min Sub Used RIF Installer . | . . . . Robots Hacked . | . . . . Non-combat . | . . . . Combat . | . . . . Robot Hacks Applied . | . . . . Relay Couplers Released . | . . . . Fabnet Peak Effective % . | . . . . Robots Rewired . | . . . . Allies Hacked . | . . . . Hacks Repelled . | . . . . Allies | -11 -10 -10 -10 -------- Run | Yrd Mat Min Sub Total Allies 5 | . . 5 . Largest Group 5 | . . 5 5 Highest-Rated Group 86 | . . 86 86 Highest-Rated Ally 31 | . . 31 31 Total Orders . | . . . . Ally Attacks 20 | . . 6 14 Total Damage 260 | . . 105 155 Kills 3 | . . 2 1 Allies Corrupted . | . . . . Allies Melted . | . . . . Intel | -11 -10 -10 -10 ------- Run | Yrd Mat Min Sub Robot Analysis Total 1 | . 1 . . Derelict Logs Recovered 3 | . . 2 1 Drone Launches . | . . . . Drone Recoveries . | . . . . Exploration | -11 -10 -10 -10 ------------- Run | Yrd Mat Min Sub Turns Passed 6863 | 100 1705 1145 3913 Spaces Moved 2609 | 49 579 465 1516 Core 5 | 5 . . . Treads 2080 | 44 579 465 992 Legs . | . . . . Wheels 524 | . . . 524 Hover . | . . . . Flight . | . . . . Fastest Speed 50 | 50 160 240 167 Average Speed 223 | 148 180 240 237 Slowest Speed 480 | 160 240 240 480 Overloaded Moves . | . . . . Propulsion Burnouts . | . . . . Robots Hopped . | . . . . Cave-ins Triggered . | . . . . Exploration Rate (%) 65 | 5 80 91 84 Regions Visited 3 Branch Regions 2 Pre-discovered Areas 1 | . . . 1 Known Exits Taken 2 | . 1 1 . Unknown Exits Taken 1 | 1 . . . Scrap Searched 8 | . . 1 7 Spaces Dug 2 | . . . 2 Terrain Destroyed 143 | . . . 143 Melee 2 | . . . 2 Projectile . | . . . . AOE 141 | . . . 141 Terrain Rammed . | . . . . Walls Destroyed . | . . . . Machines Disabled . | . . . . Actions | -11 -10 -10 -10 --------- Run | Yrd Mat Min Sub Total 3408 | 64 1142 489 1713 Wait 536 | . 477 19 40 Move 2607 | 49 578 464 1516 Hop . | . . . . Pick Up 49 | 4 18 2 25 Fast Attach 13 | 7 3 . 3 Attach 10 | . 2 . 8 Detach 3 | . 1 . 2 Swap 39 | . 10 . 29 Drop 27 | . 6 . 21 Fire 109 | 4 47 1 57 Melee 12 | . . . 12 Ram . | . . . . Kick . | . . . . Crush 3 | . . 3 . Escape Stasis . | . . . . Rewire . | . . . . Trap . | . . . . Miscellaneous . | . . . . Route ------- -11/Scrapyard -10/Materials (discovered 6 exits: *Mat x3 / *Min x2 / Sub) -10/Mines (discovered 3 exits: *Mat x2 / *Sub) -10/Subcaves (discovered 2 exits: *Mat x2) History --------- Turn | Location | Event 18 | -11/Scrapyard | Discovered new exit (range 16) 101 | -11/Scrapyard | Entered Materials 320 | -10/Materials | Build established: Mutant 399 | -10/Materials | Discovered new exit (range 11) 480 | -10/Materials | Repaired Lgt. Treads 507 | -10/Materials | Repaired Lgt. Treads 631 | -10/Materials | Discovered new exit (range 3) 799 | -10/Materials | Discovered new exit (range 13) 1108 | -10/Materials | Discovered new exit (range 13) 1388 | -10/Materials | Identified exit to Materials 1388 | -10/Materials | Identified exit to Subcaves 1464 | -10/Materials | Learned 2 Mines zone layouts 1528 | -10/Materials | Identified exit to Mines 1624 | -10/Materials | Learned 2 Mines zone layouts 1677 | -10/Materials | Learned Storage stockpile data 1806 | -10/Materials | Entered Mines 1981 | -10/Mines | A weapon hastily lodged in a ceiling crevice suddenly fell to the ground 2091 | -10/Mines | Learned Materials garrison access intel 2129 | -10/Mines | Found a damaged Exp. Sensor Array with a note attached 2134 | -10/Mines | Found Prototype Device 2303 | -10/Mines | Learned Materials garrison access intel 2680 | -10/Mines | Assisted by bots powering up and referring to "LRC-V3" 2951 | -10/Mines | Entered Subcaves 2951 | -10/Subcaves | Accompanied by 5 allies 2952 | -10/Subcaves | Identified exit to Materials 2956 | -10/Subcaves | Led the pair of lost Derelicts to an unsafe place 2960 | -10/Subcaves | Learned location of Zion (-7) 2960 | -10/Subcaves | Met a Zionite searching for "candidates" 3044 | -10/Subcaves | Ambushed by Subdweller buried in earth 3050 | -10/Subcaves | Disturbed a concealed Subdweller 3083 | -10/Subcaves | Lost 4 allies 3098 | -10/Subcaves | Lost 3 parts (1n2w) 3201 | -10/Subcaves | A swath of the cavern ceiling suddenly collapsed 3322 | -10/Subcaves | Visited 4L-MR0's lab 3351 | -10/Subcaves | Found Gun Armor 3593 | -10/Subcaves | Curiously followed by a Cobbler waking with a query about "LVR3C" 4416 | -10/Subcaves | Shifting Twisted Machinery released Sub. Power Source 4504 | -10/Subcaves | A swath of the cavern ceiling suddenly collapsed 4616 | -10/Subcaves | Shifting Twisted Machinery released Sub. Shrapnel Launcher 4913 | -10/Subcaves | Shifting Twisted Machinery released Barrage Gun 4983 | -10/Subcaves | Ambushed by angry Subdweller bent on revenge 5386 | -10/Subcaves | Found SUBCON Basin 5721 | -10/Subcaves | Build established: Hauler-Mutant 6471 | -10/Subcaves | Ambushed by Subdwellers from Twisted Machinery 6484 | -10/Subcaves | Core integrity fell below 50% 6652 | -10/Subcaves | Shifting Twisted Machinery released Mak. System Restoration Module 6857 | -10/Subcaves | Core integrity fell below 20% 6858 | -10/Subcaves | Ambushed by Subdweller buried in earth 6860 | -10/Subcaves | Ambushed by Subdweller buried in earth 6862 | -10/Subcaves | Ambushed by Subdweller buried in earth 6864 | -10/Subcaves | Destroyed self with Subdweller Shrapnel Launcher Last Messages --------------- 06474_ Wheel destroyed. 06487_ EH-R6V(R) destroyed. 06491_ LR-HU9(R) destroyed. 06497_ Subatomizers dissect the Sub. Machine Gun. 06501_ Acquired 35 matter. 06502_ Acquired 27 matter. 06509_ Subatomizers dissect the Sub. Machine Gun. 06599_ Acquired Sub. Beam Cannon. Mak. System Restoration Module falls loose from the Twisted Machinery. 06735_ Acquired 35 matter. 06844_ Wheel destroyed. 06852_ Sub. Machine Gun shoots sparks and powers down. 06853_ Broken Sub. Machine Gun destroyed. 06854_ Hvy. Assault Rifle destroyed. 06856_ ZF-TBU(R) destroyed. 06858_ QZ-2BG(R) destroyed. 06859_ PB-7OX(R): "ARGHSUB!" 06861_ JE-XDS(R): "NAT20!" 06862_ PB-7OX(R) destroyed. 06863_ A5-TLX(R): "ARGHSUB!" Map ----- +----------------------------------------------------+ | #????????# #????# ##???????????? | | ##?##????# #???# ## ## #???????????? | | ### ????# #### ###### ##??????????? | | ##### ?????# #???# #??????????? | | ###?# ??????#### #??## ##??????????? | | #?# ##???????#### #### ##??????????? | | #### #????????#### & ## #??????????? | | ### #???????## ### & ##??????????? | | " # ##????### ### #???????????? | | #### ###### # ##???????????? | | " # #?# ## ## ###????????????? | | " ### ## ######??????????????? | | !" ## ## #???????????????????? | | ## ##???????????????????? | | ## ###????????????????????? | | ### ##??????????????????????? | | #?## #???????????????????????? | | ???## ##???????????????????????? | | ????### ## ###??????????????????????? | | ??????## ## ##?????????????????????? | | ???????# ###???????????????????? | | ???????## ## ????????????????????? | | ????????# ## ; R #????????????????????? | | ????????#### ### ##???????????????????? | | ???????????#### #???????????????????? | | ????????????# [%& @ ;#????????????????????? | | ????????????# & ; #??????????????????? | | ???????????# ???????????????? | | ???????????# ;; R #??????????????? | | ???????????# # #?????????????? | | ???????????? ###### #????????????? | | ???????????? ????????# ## #???????????? | | ?????????????????????## ?? ## ##???????????? | | ??????????????????????# ?? ? #####????????????? | | ?????????????????????? ?? #?? ##????????????????? | | ??????????????????????# ?? ??##?????????????????? | | ??????????????????????##?? ?????????????????????? | | ?????????????????????????? #?????????????????????? | | ?????????????????????????????????????????????????? | | ?????????????????????????????????????????????????? | | ?????????????????????????????????????????????????? | | ?????????????????????????????????????????????????? | | ?????????????????????????????????????????????????? | | ?????????????????????????????????????????????????? | | ?????????????????????????????????????????????????? | | ?????????????????????????????????????????????????? | | ?????????????????????????????????????????????????? | | ?????????????????????????????????????????????????? | | ?????????????????????????????????????????????????? | | ?????????????????????????????????????????????????? | +----------------------------------------------------+ Best States ------------- Heat Dissipation 39 Energy Generation 10 Energy Capacity 200 Matter Stores 300 Matter Capacity 300 Sight Range 16 Terrain Scan Density 10 Core Shielding 20 Evasion (%) 40 Recoil Reduction 2 Item Schematics ----------------- None Robot Schematics ------------------ None Fabricated ------------ Nothing Alien Tech Used ----------------- None Achievements -------------- None Challenges ------------ None Game ------ Seed RocketReactionScythe Manual? 0 Play Time 00:22:23 Cumulative 626.2 hours Start 2024.09.07 @ 12:48:32 End 2024.09.07 @ 13:10:58 Sessions 1 Manual Loads 0 Difficulty Rogue Special Mode None Game No. 678 Rogue 591 Adventurer 87 Explorer 0 Win Type - Total 38 Types 8/0/24/1/1/1/3/0/0 Lore% 94 Gallery% 93 Achievement% 80 Wizard Run 0 Options --------- Layout 0 ASCII 0 Keyboard 1 Movement Numpad Keybinds 0 Fullscreen 2 Font 16/SmallcapsGlow Map View 88x55 Zoom Use 0% Tactical HUD 1 Map Filters NONE Filters NONE Steam 1 RUN: ba2613de-d80f-4757-a8c7-892c61c22f3a